Map: Abiogenesis LE

Players

CinDra

  • Race: Zerg Zerg
  • League: Bronze
  • Spawn Location: 5:00

ZOJ - Winner!

  • Race: Zerg Zerg
  • League: Silver
  • Spawn Location: 11:00

VOD

Have the link to the VOD?

Description

Time

  • Played on: Feb. 10, 2018, 11:47 p.m.
  • Length: 5:54
Show
View Real Time Build Order
Export as new Build Order

CinDra Zerg 

Build Orders: Hatch First 

Get SALT Encoding   

  12  0:01  Drone  
  13  0:13  Overlord  
  13  0:18  Drone  
  14  0:31  Drone x2  
  16  0:37  Drone  
  17  0:56  Drone  
  18  0:58  Hatchery  
  18  1:04  Drone  
  18  1:11  Drone  
  19  1:19  Spawning Pool, Drone  
  19  1:29  Overlord  
  19  1:34  Extractor  
  18  1:42  Drone  
  19  1:53  Drone  
  20  2:03  Drone  
  20  2:07  Queen  
  23  2:10  Queen  
  23  2:11  Drone x2  
  27  2:21  Zergling x2  
  28  2:29  Drone  
  29  2:35  Zergling x4  
  31  2:38  Metabolic Boost, Extractor  
  31  2:43  Zergling x2  
  31  2:51  Queen  
  31  2:53  Overlord  
  31  2:55  Drone x2  
  35  3:01  Roach Warren  
  35  3:05  Drone x2  
  33  3:20  Zergling x8  
  33  3:21  Zergling x2  
  29  3:58  Drone  
  29  3:59  Drone x2  
  33  4:02  Drone  
  33  4:03  Drone x2  
  35  4:12  Drone x2  
  24  4:27  Zergling x4  
  26  4:34  Zergling x4  
  26  4:35  Queen  
  27  5:05  Zergling x6  
  27  5:17  Drone  
Show
View Real Time Build Order
Export as new Build Order

ZOJ Zerg - Winner!

Build Orders: Pool First 

Get SALT Encoding   

  12  0:02  Drone  
  13  0:15  Overlord  
  13  0:22  Drone  
  14  0:36  Spawning Pool  
  14  0:39  Drone  
  14  0:44  Extractor  
  14  0:47  Drone  
  14  0:55  Drone  
  14  0:56  Drone  
  16  1:03  Drone  
  17  1:12  Drone  
  18  1:25  Queen  
  20  1:42  Hatchery  
  19  1:47  Metabolic Boost  
  19  1:51  Zergling x2  
  20  1:55  Zergling x2  
  20  1:59  Zergling x2  
  22  2:11  Overlord  
  22  2:16  Overlord  
  22  2:37  Zergling x6  
  22  2:38  Zergling x2  
  26  3:01  Zergling x4  
  26  3:02  Zergling x2  
  29  3:06  Drone  
  30  3:17  Zergling x4  
  31  3:27  Zergling x4  
  31  3:34  Hatchery  
  31  3:36  Zergling x2  
  31  3:41  Zergling x2  
  31  3:44  Queen  
  30  3:50  Zergling x4  
  32  4:00  Zergling x2  
  32  4:01  Zergling x2  
  34  4:06  Zergling x2  
  35  4:10  Drone  
  35  4:22  Zergling x4  
  37  4:34  Evolution Chamber  
  37  4:36  Zergling x6  
  37  4:37  Zergling x2  
  40  4:39  Overlord  
  38  4:48  Zergling x4  
  38  5:01  Zergling x2  
  38  5:02  Zergling x6  
  38  5:10  Zergling x4  
  38  5:11  Zergling x2  
  41  5:14  Zergling x2  
  41  5:18  Zergling x2  
  42  5:33  Zergling x8  
Tags
 
Add a new tag
Caveats
  • Supply blocks, unpowered buildings, or Contaminate may cause inaccurate times.
  • Supply counts are checked every 10 seconds.